 Dungeon Crawl Stone Soup version 0.31.0-9-g3a7656b989 (webtiles) character file.

Game seed: 10171243085796179147

161 qw the Skirmisher (level 5, 0/29 HPs)
             Began as a Deep Elf Hunter on Feb 3, 2024.
             Slain by a gnoll
             ... wielding a +0 spear
              (7 damage)
             ... on level 3 of the Dungeon.
             The game lasted 00:00:45 (2121 turns).

qw the Skirmisher (Deep Elf Hunter)                 Turns: 2121, Time: 00:00:45

Health: 0/29       AC:  4    Str: 10    XL:     5   Next: 18%
Magic:  7/7        EV: 12    Int: 14    God:
Gold:   89         SH:  0    Dex: 18    Spells: 4/4 levels left

rFire   . . .        a - +0 shortbow
rCold   + . .        (shield currently unavailable)
rNeg    . . .        c - +0 leather armour
rPois   .            (no helmet)
rElec   .            b - +0 cloak
rCorr   .            (no gloves)
SInv    .            (no boots)
Will    .....        (no amulet)
Stlth   ++           i - ring of protection from cold
HPRegen 0.24/turn    (no ring)
MPRegen 0.10/turn

%: no passive effects
@: about to teleport
A: no striking features
a: no special abilities


You were on level 3 of the Dungeon.
You visited 1 branch of the dungeon, and saw 3 of its levels.

You collected 148 gold pieces.
You spent 59 gold pieces at shops.


   Skills:
 - Level 1.5 Fighting
 + Level 8.6 Ranged Weapons
 - Level 2.4 Dodging
 - Level 1.2 Stealth


You had 4 spell levels left.
You didn't know any spells.
Your spell library was empty.

Inventory:

Hand Weapons
 a - a +0 shortbow (weapon)
Armour
 b - a +0 cloak (worn)
 c - a +0 leather armour (worn)
Jewellery
 f - an amulet of regeneration
 i - a ring of protection from cold (left hand)
Scrolls
 h - a scroll of revelation {unknown}
 j - 3 scrolls of identify
 l - 2 scrolls of amnesia {unknown}
 m - a scroll of brand weapon {unknown}
Potions
 e - 3 potions of curing
 g - a potion of heal wounds {unknown}
 k - 2 potions of haste

Dungeon Overview and Level Annotations

Branches:
Dungeon (3/15)

Altars:

Shops:
D:1 **!:(


Message History

There is a stone staircase leading up here.
Found an escape hatch in the ceiling.
l - 2 scrolls labelled KOROPE PICUAF (gained 1)
A gnoll comes into view. It is wielding a +0 club.
You shoot an arrow. The arrow hits the gnoll!
The gnoll shouts!
The gnoll is severely wounded.
You hear a shout!
You shoot an arrow. The arrow hits the gnoll.
You kill the gnoll!
A gnoll comes into view.
It is wielding a +0 spear and quivering a throwing net.
A gnoll comes into view. It is wielding a +0 spear.
You shoot an arrow. The arrow barely misses the gnoll.
You shoot an arrow. The arrow hits the gnoll!
The gnoll is severely wounded.
You shoot an arrow. The arrow hits the gnoll!
You kill the gnoll!
You shoot an arrow.
The arrow hits the gnoll but does no damage.
The gnoll hits you from afar with a +0 spear!
You shoot an arrow.
The arrow hits the gnoll but does no damage.
The gnoll hits you from afar with a +0 spear!
You shoot an arrow. The arrow hits the gnoll.
The gnoll is moderately wounded.
The gnoll hits you from afar with a +0 spear.
You shoot an arrow. The arrow hits the gnoll.
The gnoll is heavily wounded.
The gnoll hits you but does no damage.
You shoot an arrow. The arrow hits the gnoll.
The gnoll is heavily wounded.
The gnoll barely misses you.
You shoot an arrow. The arrow hits the gnoll.
The gnoll is almost dead.
The gnoll hits you from afar with a +0 spear.
2121 ||| READING scroll of teleportation.
As you read the scroll of teleportation, it crumbles to dust.
You feel strangely unstable.
The gnoll hits you from afar with a +0 spear!
You die...

>...##.# #.# #.#.###
######.# #.####.#.#
#.# #..<##.#.#
######.######.#..%.#.#
#..........####.####.#
#..........#....# #.#
......(....#.##.# ...
...........#.#####
...###..####....@#
(..# ##.########.#
...# #......# #g# ...#
#......# #)# ...#
#......# #.# ...#
#......+ ..# ...#
#......# #.# ...#
#......# #.. ####
#."....#


You could see a gnoll.

Vanquished Creatures
  2 gnolls (D:3)
  6 adders
  A ribbon worm (D:2)
  4 dart slugs
  4 orcs (D:3)
  7 ball pythons
  6 bats
  4 endoplasms
  4 giant cockroaches
  4 hobgoblins
  10 jackals
  3 quokkas
  5 frilled lizards
  3 goblins
  4 kobolds
  7 rats
74 creatures vanquished.

Notes
Turn   | Place    | Note
-------+----------+-------------------------------------------
     0 | D:1      | qw the Deep Elf Hunter began the quest for the Orb.
     0 | D:1      | Reached XP level 1. HP: 12/12 MP: 3/3
     0 | D:1      | 0 ||| qw: Version: 0.3-a-155-g5e7d8dd
     0 | D:1      | 0 ||| qw: Game counter: 2899
     0 | D:1      | 0 ||| qw: Melee chars always use a shield: true
     0 | D:1      | 0 ||| qw: God list: Okawaru
     0 | D:1      | 0 ||| qw: Allow faded altars: false
     0 | D:1      | 0 ||| qw: Do Orc after clearing Dungeon:15 true
     0 | D:1      | 0 ||| qw: Do second Lair branch before Depths: true
     0 | D:1      | 0 ||| qw: Lair rune preference: random
     0 | D:1      | 0 ||| qw: Goals: Normal
     0 | D:1      | 0 ||| PLANNING D:1-11
    70 | D:1      | Found Zism's Assorted Antiques.
    90 | D:1      | 90 ||| BUYING dark potion (20 gold).
    90 | D:1      | Bought a dark potion for 20 gold pieces
    90 | D:1      | 90 ||| SHOPLISTING inky potion (20 gold, have 8).
    90 | D:1      | 90 ||| SHOPLISTING scroll labelled JILUNU ZIGE (23 gold,
                  | have 8).
    90 | D:1      | 90 ||| SHOPLISTING scroll labelled LIL GEZEROAXT (23 gold,
                  | have 8).
   120 | D:1      | Found Wuserur's Assorted Antiques.
   128 | D:1      | 128 ||| SHOPLISTING glowing brown potion (21 gold, have
                  | 18).
   128 | D:1      | 128 ||| SHOPLISTING golden potion (21 gold, have 18).
   128 | D:1      | 128 ||| SHOPLISTING inky potion (21 gold, have 18).
   128 | D:1      | 128 ||| SHOPLISTING pair of gloves (108 gold, have 18).
   128 | D:1      | 128 ||| SHOPLISTING scroll labelled JILUNU ZIGE (24 gold,
                  | have 18).
   128 | D:1      | 128 ||| SHOPLISTING scroll labelled RUIFAF PIFRE (24 gold,
                  | have 18).
   128 | D:1      | 128 ||| SHOPLISTING scroll labelled TUEPUT BUWABB (24 gold,
                  | have 18).
   155 | D:1      | Reached skill level 6 in Ranged Weapons
   155 | D:1      | Reached XP level 2. HP: 16/16 MP: 4/4
   178 | D:1      | Found Sate's Book Shop.
   589 | D:1      | Found Zidalaisurr's Distillery.
   596 | D:1      | 596 ||| SHOPLISTING 2 potions of haste (260 gold, have 49).
   596 | D:1      | 596 ||| SHOPLISTING 2 potions of heal wounds (130 gold,
                  | have 49).
   596 | D:1      | 596 ||| BUYING potion of curing (39 gold).
   596 | D:1      | Bought a potion of curing for 39 gold pieces
   596 | D:1      | 596 ||| SHOPLISTING potion of enlightenment (65 gold, have
                  | 10).
   614 | D:1      | Reached XP level 3. HP: 20/20 MP: 5/5
   717 | D:1      | Found Neidic's Antique Weapon Shop.
   882 | D:1      | 882 ||| UPGRADING to ring of protection from cold.
   883 | D:1      | 883 ||| READING 4 scrolls labelled JILUNU ZIGE.
   883 | D:1      | 883 ||| IDENTIFYING dark potion
   884 | D:1      | 884 ||| READING 3 scrolls of identify.
   884 | D:1      | 884 ||| IDENTIFYING fuming white potion
   885 | D:1      | 885 ||| READING 2 scrolls of identify.
   885 | D:1      | 885 ||| IDENTIFYING scroll labelled QUINWA JITUOSM
   886 | D:1      | 886 ||| READING scroll of identify.
   886 | D:1      | 886 ||| IDENTIFYING scroll labelled RIVA QOTEI
   887 | D:1      | 887 ||| READING scroll labelled GYACEC FIOXTOV.
   892 | D:1      | 892 ||| DROPPING scroll of butterflies.
   893 | D:1      | 893 ||| DROPPING scroll of blinking.
   894 | D:1      | 894 ||| DROPPING potion of ambrosia.
   895 | D:1      | 895 ||| DROPPING scroll of immolation.
   928 | D:2      | 928 ||| STAIRDANCE
   936 | D:2      | 936 ||| STAIRDANCE
  1000 | D:2      | Reached skill level 7 in Ranged Weapons
  1271 | D:2      | Reached XP level 4. HP: 25/25 MP: 6/6
  1711 | D:2      | 1711 ||| UPGRADING to +0 cloak.
  1716 | D:2      | 1716 ||| READING scroll of identify.
  1716 | D:2      | 1716 ||| IDENTIFYING glowing brown potion
  1717 | D:2      | 1717 ||| READING scroll labelled QUPIPU FUHE.
  1818 | D:2      | 1818 ||| DROPPING potion of berserk rage.
  1836 | D:3      | 1836 ||| STAIRDANCE
  1864 | D:3      | Reached skill level 8 in Ranged Weapons
  2062 | D:3      | Reached XP level 5. HP: 29/29 MP: 7/7
  2120 | D:3      | HP: 6/29 [gnoll/+0 spear (3)]
  2121 | D:3      | 2121 ||| READING scroll of teleportation.
  2121 | D:3      | Slain by a gnoll

Levels and vault maps discovered:
D:1:      saegor_arrival_simple_e, layout_loops_ring, serial_shops,
          nicolae_shop_overgrown_old_shop, shop, nicolae_shop_back_alley_shop,
          nicolae_square_shop, shop, chequers_serial_rivers_large_a,
          chequers_serial_rivers_small_3, corner_web_ring, minmay_misc_feat_x,
          st_stairs_5
D:2:      kennysheep_six_static_rooms, layout_basic
D:3:      layout_basic

Skill      XL: |  1  2  3  4 |
---------------+-------------+-----
Ranged Weapons | 6 7 8 |  8.6
Fighting       | |  1.5
Dodging        | |  2.4
Stealth        | |  1.2

Action                     |  1- 3 |  4- 6 || total
---------------------------+-------+-------++-------
   Fire: Shortbow          |   126 |    86 ||   212
    Use: Scroll            |     5 |     3 ||     8
 Armour: Leather armour    |    34 |    18 ||    52
  Dodge: Dodged            |    50 |    19 ||    69

Table legend:
 A = Non-vault XP
 B = Vault XP
 C = Vault XP percentage of total XP
 D = Non-vault monster count
 E = Vault monster count
 F = Vault count percentage of total count
                 A         B        C        D         E       F
            +---------+---------+-------+---------+---------+-------
      Total |     196 |      34 |  14.8 |      66 |       8 |  10.8
            +---------+---------+-------+---------+---------+-------
        D:1 |      51 |       3 |   5.6 |      28 |       2 |   6.7
        D:2 |      49 |      31 |  38.8 |      20 |       6 |  23.1
        D:3 |      96 |       0 |   0.0 |      18 |       0 |   0.0
            +---------+---------+-------+---------+---------+-------
